AoeStats
← [NOE] Jupiter

Arena

510116619Analyzed
2v2 RM · 4d ago on Sep 29, 2026· 47m 12s· 4 players
Game mode
Random Map
Map size
Medium (4 player)
Population
200
Speed
Normal
Resources
Standard
Victory
Conquest
Starting age
Dark Age
Ending age
Imperial Age
RankedLock teamsTeams togetherTeam positionsShared explorationLock speedFull tech treeHidden civsTurbo modeCheats
Victory
Defeat
🇹🇷 Japanese · Türkiye
1438
+18
🇹🇷 Teutons · Türkiye
1394
+19
🇫🇷 Britons · France
1481
-19
🇫🇷 Vietnamese · France
1461
-18
Lucky7
10:15 Feudal Age
14:20 Castle Age
12:06 Double-Bit Axe
12:30 Horse Collar
15:02 Wheelbarrow
16:01 Bow Saw
20:08 Gold Mining
22:38 Bloodlines
23:22 Scale Barding Armor
25:10 Chain Barding Armor
30:49 Hand Cart
35:05 Imperial Age
33:09 Ballistics
32:48 Stone Mining
32:54 Loom
33:32 Forging
33:13 Fletching
33:26 Scale Mail Armor
34:02 Heavy Plow
35:11 Iron Casting
35:09 Cavalier
36:51 Chemistry
36:35 Plate Barding Armor
37:07 Crop Rotation
37:43 Two-Man Saw
38:38 Blast Furnace
37:54 Chain Mail Armor
38:19 Paladin
43:42 Conscription
Brutalitops
9:55 Feudal Age
13:47 Castle Age
11:38 Double-Bit Axe
11:54 Horse Collar
15:06 Bow Saw
21:11 Heavy Plow
22:07 Wheelbarrow
21:49 Stone Mining
21:54 Town Watch
21:55 Loom
22:08 Gold Mining
25:44 Hand Cart
29:10 Imperial Age
27:38 Guard Tower
28:08 Ballistics
28:00 Masonry
27:30 Treadmill Crane
27:43 Fletching
28:20 Scale Mail Armor
28:31 Forging
28:28 Squires
28:14 Arson
29:23 Gold Shaft Mining
30:12 Conscription
30:14 Kataparuto
29:54 Yasama
29:52 Bodkin Arrow
31:14 Chemistry
31:27 Bracer
32:39 Hoardings
31:39 Elite Samurai
32:50 Chain Mail Armor
33:11 Iron Casting
32:22 Pikeman
34:14 Plate Mail Armor
34:18 Halberdier
38:30 Blast Furnace
38:08 Keep
41:50 Man-at-Arms
42:15 Gambesons
43:05 Long Swordsman
44:19 Two-Handed Swordsman
45:34 Champion
[NOE] Lyrendir
9:41 Feudal Age
13:22 Castle Age
11:41 Double-Bit Axe
12:13 Horse Collar
14:20 Bow Saw
15:27 Loom
18:49 Wheelbarrow
19:15 Heavy Plow
21:20 Hand Cart
25:44 Fletching
26:22 Ballistics
26:36 Bodkin Arrow
26:55 Masonry
27:26 Fortified Wall
27:21 Murder Holes
29:51 Gold Mining
30:20 Fortified Wall
33:05 Imperial Age
31:13 Gold Shaft Mining
30:42 Padded Archer Armor
31:12 Stone Mining
31:37 Town Watch
33:15 Town Patrol
32:44 Pikeman
33:25 Squires
33:43 Leather Archer Armor
33:11 Treadmill Crane
34:02 Siege Engineers
35:07 Two-Man Saw
35:39 Elite Longbowman
36:44 Conscription
37:24 Hoardings
37:53 Chemistry
38:48 Yeomen
39:59 Architecture
40:36 Warwolf
40:53 Scale Mail Armor
40:53 Bracer
41:27 Ring Archer Armor
40:57 Scale Mail Armor
41:08 Forging
41:37 Halberdier
[NOE] Jupiter
10:54 Feudal Age
14:25 Castle Age
12:33 Double-Bit Axe
12:41 Horse Collar
15:18 Bow Saw
16:36 Husbandry
21:16 Light Cavalry
23:06 Wheelbarrow
23:45 Heavy Plow
24:10 Bloodlines
24:05 Loom
24:19 Stone Mining
25:31 Hand Cart
30:46 Imperial Age
28:31 Scale Barding Armor
28:37 Forging
28:53 Gold Mining
29:41 Stone Shaft Mining
29:35 Chain Barding Armor
29:21 Town Watch
30:06 Chatras
31:17 Fletching
32:04 Iron Casting
31:59 Fortified Wall
31:46 Elite Battle Elephant
33:26 Plate Barding Armor
35:38 Two-Man Saw
34:39 Fletching
34:43 Capped Ram
35:58 Bodkin Arrow
38:17 Chemistry
36:53 Elite Skirmisher
37:45 Bracer
37:46 Padded Archer Armor
38:09 Ballistics
38:36 Imperial Skirmisher
40:04 Leather Archer Armor
40:40 Thumb Ring
41:25 Ring Archer Armor
40:38 Treadmill Crane
41:00 Sappers
Connection lost

Rejoining the realm…

Still unreachable

The connection could not be restored.

Session expired

The server has moved on; the page needs a fresh start.